 Dungeon Crawl Stone Soup version 0.27-a0-249-g74f53ef629 (webtiles) character file.

Game seed: 15285654498419453562

81 mandarbmax the Caller (level 4, 0/30 HPs)
             Began as a Demonspawn Summoner on Feb 4, 2021.
             Slain by Crazy Yiuf
             ... wielding a +3 quarterstaff of chaos
              (12 damage)
             ... on level 2 of the Dungeon.
             The game lasted 00:06:29 (3038 turns).

mandarbmax the Caller (Demonspawn Summoner)         Turns: 3038, Time: 00:06:30

Health: 0/30       AC:  2    Str:  9    XL:     4   Next: 20%
Magic:  1/7        EV: 12    Int: 17    God:
Gold:   80         SH:  0    Dex: 15    Spells: 4/7 levels left

rFire    . . .     SeeInvis .   d - +1 dagger (drain)
rCold    . . .     Faith    .   (no shield)
rNeg     . . .     Spirit   .   a - +0 robe
rPois    .         Reflect  .   (no helmet)
rElec    .         Harm     .   (no cloak)
rCorr    .         Rampage  .   (no gloves)
Will     .....                  (no boots)
Stlth    +++.......             c - amulet of the acrobat
HPRegen  0.10/turn              (no ring)
MPRegen  0.10/turn              (no ring)

@: no status effects
A: thin skeletal structure 1
a: no special abilities


You were on level 2 of the Dungeon.
You visited 1 branch of the dungeon, and saw 2 of its levels.

You collected 80 gold pieces.

Inventory:

Hand Weapons
 d - a +1 dagger of draining (weapon)
Armour
 a - a +0 robe (worn)
 i - a cursed +0 pair of gloves
 m - a +0 pair of gloves
Jewellery
 c - an amulet of the acrobat (around neck)
Wands
 q - a wand of mindburst (13)
Scrolls
 f - a scroll of random uselessness {unknown}
 g - 2 scrolls of enchant weapon {unknown}
 j - a scroll of remove curse {unknown}
 k - a scroll of fear {unknown}
 l - 8 scrolls of identify {unknown}
 o - 3 scrolls of teleportation {unknown}
 p - 2 scrolls of immolation {unknown}
Potions
 b - 2 potions of attraction {unknown}
 e - 2 potions of haste {unknown}
 h - 2 potions of heal wounds {unknown}
 n - 2 potions of curing {unknown}
 r - a potion of lignification {unknown}


   Skills:
 - Level 2.0 Dodging
 - Level 1.7 Stealth
 - Level 2.0 Spellcasting
 + Level 5.7 Summonings


You had 4 spell levels left.
You knew the following spells:

 Your Spells              Type           Power        Failure   Level
a - Summon Small Mammal   Summ           84%          1%          1
b - Call Imp              Summ           21%          2%          2

Your spell library contained the following spells:

 Spells                   Type           Power        Failure   Level
 Call Canine Familiar     Summ           21%          5%          3
 Summon Guardian Golem    Hex/Summ       11%          19%         3
 Summon Ice Beast         Ice/Summ       11%          52%         4
 Summon Lightning Spire   Summ/Air       11%          52%         4


Dungeon Overview and Level Annotations

Branches:
Dungeon (2/15)

Altars:

Annotations:
D:2 Crazy Yiuf


Innate Abilities, Weirdness & Mutations

You have a somewhat thin skeletal structure. (Dex +2, Stealth)


Message History

Crazy Yiuf laughs, "Cod!
Rifle hand infinity."
Crazy Yiuf sings, "Trees, trees, trees, circus!"
Crazy Yiuf yells, "Snurf senile unthinkable!"
You see here a +0 dagger.
Crazy Yiuf cries, "Pitchfork!
Liver Orb Guardian mumblescurry."
Casting: Summon Small Mammal (safe; 1% risk of failure)
Confirm with . or Enter, or press ? or * to list all spells.
A beastly little devil appears in a puff of flame.
Casting: Call Imp (safe; 2% risk of failure)
Confirm with . or Enter, or press ? or * to list all spells.
A beastly little devil appears in a puff of flame.
Crazy Yiuf hits you with a +3 quarterstaff of chaos.
You are electrocuted!
Ouch! That really hurt!
Casting: Call Imp (safe; 2% risk of failure)
Confirm with . or Enter, or press ? or * to list all spells.
A beastly little devil appears in a puff of flame.
Crazy Yiuf laughs, "Flower sing-song stair!"
Crazy Yiuf hits you with a +3 quarterstaff of chaos!
You die...

♣♣.♣♣ #...###### #.#####.#
♣.P5♣♣ #...# #####.#####.#
♣P...♣ #...# #.........#.#
#....# #...####.###.###.#.#
#....####..........#.###.#.#
##..........###.##.#...#.#.#
##...#.....# #....###.#.#.#
#######<### #55### #.#.#.#
#.# #@5# #.#.#.# #.# #g.#
#.#.#.# #.# #..#####.#.#.#
#.# #........#.#.# #.#
##.#######.#.#
#.######.#######(#.#
#......#.........#.#
######.########)...# #.#
#.####


You could see Crazy Yiuf and 3 friendly crimson imps.

Vanquished Creatures
  2 gnolls (D:2)
  An ooze (D:2)
  A worm (D:2)
  2 dart slugs
  8 goblins
  A hobgoblin (D:1)
  2 jackals (D:1)
  4 kobolds
  2 ball pythons (D:1)
  7 bats
  A frilled lizard (D:1)
  3 rats
34 creatures vanquished.

Vanquished Creatures (collateral kills)
  2 gnolls (D:2)
  A leopard gecko (D:1)
  A ball python (D:2)
  A bat (D:1)
  A giant cockroach (D:1)
  3 kobolds (D:1)
  2 frilled lizards
  2 rats (D:1)
13 creatures vanquished.

Vanquished Creatures (others)
  A fungus (D:2)
1 creature vanquished.

Grand Total: 48 creatures vanquished

Notes
Turn   | Place    | Note
-------+----------+-------------------------------------------
     0 | D:1      | mandarbmax the Demonspawn Summoner began the quest for the
                  | Orb.
     0 | D:1      | Reached XP level 1. HP: 13/13 MP: 3/3
     8 | D:1      | Noticed a minotaur zombie
    11 | D:1      | Noticed a minotaur zombie
   387 | D:1      | Gained mutation: You have a somewhat thin skeletal
                  | structure. (Dex +2, Stealth) [demonic ancestry]
   387 | D:1      | Reached XP level 2. HP: 15/19 MP: 5/5
  1309 | D:1      | Reached XP level 3. HP: 24/24 MP: 6/6
  1332 | D:1      | Learned a level 2 spell: Call Imp
  1564 | D:2      | Reached skill level 5 in Summonings
  2093 | D:2      | Reached XP level 4. HP: 26/30 MP: 7/7
  2733 | D:2      | Found a runed translucent door.
  2734 | D:2      | Noticed Crazy Yiuf
  3038 | D:2      | Slain by Crazy Yiuf

Illustrated notes

Levels and vault maps discovered:
D:1:      shiori_arrival_whats_in_store_for_you, layout_basic
D:2:      layout_basic, uniq_crazy_yiuf_cottage

Skill      XL: |  1  2  3 |
---------------+----------+-----
Dodging        | 2 |  2.0
Summonings     | 5 |  5.7
Stealth        | |  1.7
Spellcasting   | |  2.0

Action                   |  1- 3 |  4- 6 || total
-------------------------+-------+-------++-------
Melee: Dagger            |    70 |    12 ||    82
       Unarmed           |     2 |       ||     2
 Cast: Summon Small Mamm |    28 |     4 ||    32
       Call Imp          |     9 |    10 ||    19
 Stab: Distracted        |     1 |       ||     1
       Sleeping          |     5 |     2 ||     7
Armor: Robe              |     7 |       ||     7
Dodge: Dodged            |    64 |     5 ||    69

Table legend: (Time is in decaauts)
 A = Elapsed time spent in this place.
 B = Non-inter-level travel time spent in this place.
 C = Inter-level travel time spent in this place.
 D = Time resting spent in this place.
 E = Time spent auto-exploring this place.
 F = Levels seen in this place.
 G = Mean time per level.
                   A        B        C        D        E       F      G
               +--------+--------+--------+--------+--------+-----+--------+
         Total |   3038 |   3012 |     26 |    906 |   1585 |   2 | 1519.0 |
       Dungeon |   3038 |   3012 |     26 |    906 |   1585 |   2 | 1519.0 |
               +--------+--------+--------+--------+--------+-----+--------+

Top non-repeatable levels by time:
     D:1: 1809 daAuts
     D:2: 1229 daAuts
